 Dungeon Crawl Stone Soup version 0.31-a0-348-g810772c3d7 (webtiles) character file.

Game seed: 4425308581466543870

112 Hajna the Conjurer (level 4, -1/24 HPs)
             Began as a Deep Elf Conjurer on July 23, 2023.
             Slain by a black bear (6 damage)
             ... on level 4 of the Dungeon.
             The game lasted 00:03:41 (2440 turns).

Hajna the Conjurer (Deep Elf Conjurer)              Turns: 2440, Time: 00:03:42

Health: -1/24      AC:  3    Str:  4    XL:     4   Next: 63%
Magic:  4/11       EV: 12    Int: 25    God:
Gold:   62         SH:  0    Dex: 13    Spells: 7/10 levels left

rFire   + . .        e - staff of fire
rCold   . . .        (no shield)
rNeg    . . .        a - +0 robe
rPois   .            (no helmet)
rElec   .            (no cloak)
rCorr   .            (no gloves)
SInv    .            d - +0 pair of boots
Will    .....        (no amulet)
Stlth   ++           (no ring)
HPRegen 0.24/turn    (no ring)
MPRegen 0.12/turn

%: no passive effects
@: no status effects
A: no striking features
a: no special abilities


You were on level 4 of the Dungeon.
You visited 1 branch of the dungeon, and saw 5 of its levels.

You collected 62 gold pieces.

Inventory:

Armour
 a - a +0 robe (worn)
 d - a +0 pair of boots (worn)
Magical Staves
 e - a staff of fire (weapon)
Wands
 j - a wand of flame (10)
Scrolls
 g - 6 scrolls of identify {unknown}
 i - a scroll of blinking {unknown}
Potions
 b - a potion of magic
 c - a potion of degeneration {unknown}
 f - a potion of heal wounds {unknown}
 h - a potion of mutation {unknown}


   Skills:
 + Level 2.6 Dodging
 + Level 2.6 Stealth
 + Level 3.9 Spellcasting
 + Level 6.1 Conjurations


You had 7 spell levels left.
You knew the following spells:

 Your Spells              Type           Power      Damage    Failure   Level
a - Magic Dart            Conj           100%       1d8       1%          1
b - Searing Ray           Conj           70%        2d7       1%          2

Your spell library contained the following spells:

 Spells                   Type           Power      Damage    Failure   Level
 Dazzling Flash           Conj/Hex       40%        N/A       8%          3
 Fulminant Prism          Conj/Hex       10%        3d9       26%         4
 Iskenderun's Mystic Bla  Conj/Tloc      20%        2d6       26%         4


Dungeon Overview and Level Annotations

Branches:
Dungeon (5/15)
 Temple: D:4-7

Altars:

Shops:
D:3 ([:


Message History

Found a stone staircase leading down.
There is a stone staircase leading up here.
You climb upwards.
The black bear bites you but does no damage.
The black bear claws you. The black bear misses you.
There is a stone staircase leading down here.
Casting: Searing Ray (safe; 1% risk of failure)
Confirm with . or Enter, or press ? or * to list all spells.
Aiming: Searing Ray (safe; 1% risk of failure)
Press: ? - help, Shift-Dir - straight line, f - black bear
Aim: a black bear (86% to hit)
The searing ray hits the black bear!
The black bear is moderately wounded. (Press . to maintain the ray.)
The black bear bites you! The black bear barely misses you.
The black bear claws you.
The searing ray misses the black bear.
The black bear bites you but does no damage.
The black bear closely misses you. The black bear barely misses you.
The searing ray hits the black bear!
The black bear is heavily wounded.
The black bear closely misses you. The black bear claws you.
The black bear barely misses you.
The searing ray hits the black bear!
The black bear is almost dead.
You finish channelling your searing ray.
The black bear goes berserk!
Casting: Searing Ray (safe; 1% risk of failure)
Confirm with . or Enter, or press ? or * to list all spells.
Aiming: Searing Ray (safe; 1% risk of failure)
Press: ? - help, Shift-Dir - straight line, f/p - black bear
Aim: a black bear (almost dead, berserk, 86% to hit)
The searing ray hits the black bear!
The black bear is almost dead. (Press . to maintain the ray.)
The black bear barely misses you. The black bear closely misses you.
The black bear claws you. The black bear bites you.
* * * LOW HITPOINT WARNING * * *
The black bear claws you.
You die...

#........###.
##.<..)...#..
########..)..###...
#............###.#
#............#... #
#...........)#.# .#
#........####..#
..# #........#
#.##...#.
#........#
##@.......
#........#
#.$h..###.
+........+ +.....+
........# #.....#
####### ####....
.....# .......#
........# l...
.....


You could see a black bear (berserk).

Vanquished Creatures
  An iguana (D:5)
  Ijyb (D:4)
  2 adders (D:2)
  2 endoplasms
  2 giant cockroaches
  8 goblins
  2 hobgoblins (D:1)
  4 jackals (D:3)
  2 quokkas (D:1)
  2 ball pythons
  4 bats
  3 frilled lizards
  6 kobolds
  3 rats
42 creatures vanquished.

Notes
Turn   | Place    | Note
-------+----------+-------------------------------------------
     0 | D:1      | Hajna the Deep Elf Conjurer began the quest for the Orb.
     0 | D:1      | Reached XP level 1. HP: 10/10 MP: 6/6
   321 | D:1      | Reached XP level 2. HP: 15/15 MP: 5/8
   359 | D:1      | Learned a level 2 spell: Searing Ray
   512 | D:1      | Reached skill level 5 in Conjurations
  1043 | D:2      | Reached XP level 3. HP: 19/19 MP: 6/9
  1170 | D:2      | You fall into a shaft and drop 2 floors!
  1255 | D:3      | Found Yraev's Armour Emporium.
  1690 | D:3      | Found Vuhoxko's Book Emporium.
  2127 | D:3      | Found Xebbezae's Weapon Emporium.
  2188 | D:4      | Noticed Ijyb
  2268 | D:4      | Killed Ijyb
  2269 | D:4      | Reached skill level 6 in Conjurations
  2269 | D:4      | Reached XP level 4. HP: 13/24 MP: 0/11
  2366 | D:4      | Noticed a black bear
  2372 | D:5      | Entered Level 5 of the Dungeon
  2440 | D:4      | Slain by a black bear

Illustrated notes

Levels and vault maps discovered:
D:1:      dpeg_chamrin_arrival_tetris, layout_basic
D:2:      layout_basic
D:3:      layout_basic, serial_shops, shop, nicolae_lakefront_shop, shop
D:4:      layout_basic, minmay_temple_entry_large_hall,
          ebering_ghost_disaster_area, uniq_menkaure, uniq_ijyb
D:5:      layout_basic

Skill      XL: |  1  2  3 |
---------------+----------+-----
Conjurations   | 5 6 |  6.1
Dodging        | |  2.6
Stealth        | |  2.6
Spellcasting   | |  3.9

Action                     |  1- 3 |  4- 6 || total
---------------------------+-------+-------++-------
  Melee: Unarmed           |     1 |       ||     1
         Staff             |     4 |       ||     4
   Cast: Magic Dart        |    67 |     5 ||    72
         Searing Ray       |     5 |     3 ||     8
 Armour: Robe              |     3 |     2 ||     5
  Dodge: Dodged            |     6 |     8 ||    14

Table legend: (Time is in decaauts)
 A = Elapsed time spent in this place.
 B = Non-inter-level travel time spent in this place.
 C = Inter-level travel time spent in this place.
 D = Time resting spent in this place.
 E = Time spent auto-exploring this place.
 F = Levels seen in this place.
 G = Mean time per level.
                   A        B        C        D        E       F      G
               +--------+--------+--------+--------+--------+-----+--------+
         Total |   2440 |   2346 |     94 |      0 |   2132 |   5 |  488.0 |
       Dungeon |   2440 |   2346 |     94 |      0 |   2132 |   5 |  488.0 |
               +--------+--------+--------+--------+--------+-----+--------+

Top non-repeatable levels by time:
     D:3: 1061 daAuts
     D:1: 1024 daAuts
     D:4: 147 daAuts
     D:2: 144 daAuts
     D:5: 62 daAuts
